 Dungeon Crawl Stone Soup version 0.22.1-1-ga44c0e56f4 (webtiles) character file.

2444 JOKERXD40 the Cleaver (level 9, -3/79 HPs)
             Began as a Minotaur Berserker on Nov 9, 2018.
             Was an Elder of Trog.
             Slain by an unseen horror (8 damage)
             ... on level 6 of the Dungeon on Nov 10, 2018.
             The game lasted 00:14:55 (3841 turns).

JOKERXD40 the Cleaver (Minotaur Berserker)          Turns: 3841, Time: 00:14:56

Health: -3/79      AC: 14    Str: 25    XL:     9   Next: 25%
Magic:  8/8        EV:  6    Int:  4    God:    Trog [****..]
Gold:   198        SH: 15    Dex: 13    Spells: 8/8 levels left

rFire    + . .     SeeInvis .   y - +0 war axe (curse)
rCold    x . .     Gourm    .   q - +0 shield
rNeg     . . .     Faith    .   L - +0 plate armour
rPois    .         Spirit   .   (helmet restricted)
rElec    .         Reflect  +   l - +0 cloak
rCorr    .         Harm     .   (no gloves)
MR       .....                  (no boots)
Stlth    ..........             o - +5 amulet of reflection
HPRegen  0.23/turn              K - ring of fire
MPRegen  0.11/turn              b - +3 ring of dexterity

@: no status effects
A: retaliatory headbutt, horns 2
a: Berserk, Trog's Hand, Brothers in Arms, Renounce Religion


You were on level 6 of the Dungeon.
You worshipped Trog.
Trog was greatly pleased with you.
You were very hungry.

You visited 1 branch of the dungeon, and saw 6 of its levels.

You collected 258 gold pieces.
You spent 60 gold pieces at shops.

Inventory:

Hand Weapons
 y - a cursed +0 war axe (weapon)
Missiles
 d - 144 stones (quivered)
Armour
 l - a +0 cloak (worn)
 q - a +0 shield (worn)
 w - a scarf of cloud immunity
 L - a +0 plate armour (worn)
Jewellery
 b - a +3 ring of dexterity (right hand)
 g - an uncursed ring of ice
 n - an uncursed ring of positive energy
 o - a +5 amulet of reflection (around neck)
 u - an uncursed ring of positive energy
 G - an uncursed ring of ice
 K - a ring of fire (left hand)
Wands
 a - a wand of iceblast (12)
 x - a wand of digging (22)
 C - a wand of flame (34)
 M - a wand of disintegration (18)
Scrolls
 e - 4 scrolls of identify
 h - 2 scrolls of fog
 k - a scroll of immolation
 m - 6 scrolls of teleportation
 s - a scroll of blinking {unknown}
 t - 2 scrolls of amnesia {unknown}
 D - a scroll of remove curse {unknown}
 E - a scroll of noise {unknown}
 F - a scroll of magic mapping {unknown}
 H - a scroll of enchant armour {unknown}
 I - a scroll of enchant weapon {unknown}
Potions
 f - 2 potions of agility {unknown}
 i - a potion of magic {unknown}
 j - 3 potions of heal wounds
 p - 2 potions of lignification {unknown}
 r - 4 potions of curing {unknown}
 v - a potion of resistance {unknown}
 z - a potion of mutation {unknown}
 A - 2 potions of flight {unknown}
 B - a potion of degeneration {unknown}
 J - a potion of brilliance {unknown}
Comestibles
 c - 6 rations
 N - a chunk of flesh


   Skills:
 + Level 7.0 Fighting
 + Level 10.5 Axes
 + Level 2.2 Throwing
 + Level 6.2 Armour
 + Level 3.4 Dodging
 + Level 1.4 Stealth
 + Level 5.3 Shields


You had 8 spell levels left.
You didn't know any spells.
Your spell library was empty.

Dungeon Overview and Level Annotations

Branches:
Dungeon (6/15)
 Temple: D:4-7

Altars:
Nemelex Xobeh
Uskayaw

Shops:
D:6 !


Innate Abilities, Weirdness & Mutations

You reflexively headbutt those who attack you in melee.
You have a pair of horns on your head.


Message History

Something hits you but does no damage. Something hits you but does no damage.
You closely miss something.
You recover from your berserk rage.
Something hits you but does no damage. Something hits you.
* * * LOW HITPOINT WARNING * * *
Something hits you!
* * * LOW HITPOINT WARNING * * *
Something hits you but does no damage. You block something's attack.
Something hits you.
* * * LOW HITPOINT WARNING * * *
Something hits you but does no damage. Something hits you but does no damage.
Something hits you.
* * * LOW HITPOINT WARNING * * *
You block something's attack. Something hits you!
You die...

#.##§§§# #.##§§§#
#.###§#######
#...........#
#.###.#.###.#
#.###...# #.#
#.......# #.#
#..###### #.#
#####.@# #.#
#.......###### #.#
#............###.#
#.####...........#
# ##.####.#####
#.# #.# #.# #.#
### #.####.## ..
#.......#


There were no monsters in sight!

Vanquished Creatures
  The ghost of coier the Covered, a novice GnWn (D:6)
  The ghost of chimenez the Ducker, an amateur GnGl (D:4)
  The ghost of hemabe the Charlatan, an amateur HuAr (D:4)
  Grinder (D:5)
  Edmund (D:4)
  An orc warrior (D:6)
  2 ogres
  The ghost of Jynx the Cudgeler, an amateur DsBe of Trog (D:4)
  Blork the orc (D:5)
  2 bullfrogs (D:6)
  A scorpion (D:4)
  3 quasits (D:3)
  The ghost of radzia the Firebug, a weakling VSFE (D:3)
  A bullfrog skeleton (D:2)
  An orc priest (D:3)
  A centaur skeleton (D:6)
  A hound (D:6)
  5 orc wizards
  6 adders
  10 gnolls
  An ooze (D:2)
  A worm (D:3)
  3 dart slugs
  4 leopard geckos
  13 orcs
  3 bats
  4 giant cockroaches
  5 goblins
  6 hobgoblins
  4 jackals (D:4)
  2 ball pythons
  5 frilled lizards
  8 kobolds
  A quokka skeleton (D:5)
  8 rats
110 creatures vanquished.

Notes
Turn   | Place    | Note
-------+----------+-------------------------------------------
     0 | D:1      | JOKERXD40 the Minotaur Berserker began the quest for the
                  | Orb.
     0 | D:1      | Reached XP level 1. HP: 19/19 MP: 0/0
   112 | D:1      | Reached XP level 2. HP: 22/27 MP: 1/1
   271 | D:1      | Reached skill level 4 in Axes
   637 | D:2      | Found a sparkling altar of Nemelex Xobeh.
   659 | D:2      | Reached XP level 3. HP: 34/34 MP: 2/2
   671 | D:2      | Reached ** piety under Trog
   671 | D:2      | Reached XP level 4. HP: 41/41 MP: 3/3
   892 | D:2      | Reached skill level 5 in Fighting
  1409 | D:3      | Found a transporter.
  1413 | D:3      | Reached skill level 5 in Axes
  1413 | D:3      | Reached XP level 5. HP: 41/48 MP: 4/4
  1440 | D:3      | Noticed radzia's ghost (weakling VSFE)
  1456 | D:3      | Killed radzia's ghost
  1460 | D:3      | Reached skill level 6 in Axes
  1460 | D:3      | Reached skill level 1 in Throwing
  1480 | D:3      | Reached skill level 1 in Shields
  1480 | D:3      | Reached XP level 6. HP: 33/56 MP: 5/5
  1596 | D:3      | Found a transporter.
  1860 | D:3      | Reached *** piety under Trog
  2422 | D:4      | Reached skill level 1 in Stealth
  2435 | D:4      | Reached XP level 7. HP: 49/62 MP: 6/6
  2525 | D:4      | Found a runed gate.
  2525 | D:4      | Found a runed gate.
  2525 | D:4      | Found a runed gate.
  2551 | D:4      | Noticed chimenez's ghost (amateur GnGl)
  2551 | D:4      | Noticed Jynx's ghost (amateur DsBe)
  2551 | D:4      | Noticed hemabe's ghost (amateur HuAr)
  2564 | D:4      | Killed Jynx's ghost
  2564 | D:4      | Reached skill level 7 in Axes
  2569 | D:4      | Killed chimenez's ghost
  2571 | D:4      | Killed hemabe's ghost
  2571 | D:4      | Reached XP level 8. HP: 70/70 MP: 7/7
  2656 | D:4      | Noticed Edmund
  2677 | D:4      | Killed Edmund
  2677 | D:4      | Reached skill level 8 in Axes
  2898 | D:5      | Entered Level 5 of the Dungeon
  2898 | D:5      | Noticed Grinder
  2905 | D:5      | Killed Grinder
  2905 | D:5      | Reached skill level 5 in Armour
  3046 | D:5      | Noticed Blork the orc
  3052 | D:5      | Killed Blork the orc
  3237 | D:5      | Found a hide-covered altar of Uskayaw.
  3466 | D:6      | Reached skill level 9 in Axes
  3657 | D:6      | Found Daeshurch's Distillery.
  3665 | D:6      | Bought a potion of heal wounds for 60 gold pieces
  3734 | D:6      | Reached **** piety under Trog
  3769 | D:6      | Found a runed door.
  3773 | D:6      | Noticed coier's ghost (novice GnWn)
  3785 | D:6      | Killed coier's ghost
  3785 | D:6      | Reached skill level 10 in Axes
  3785 | D:6      | Reached skill level 5 in Shields
  3785 | D:6      | Reached XP level 9. HP: 79/79 MP: 8/8
  3793 | D:6      | Identified Gozesch's Reference Book on Supportive Talismans
  3841 | D:6      | Slain by an unseen horror

Skill      XL: |  1  2  3  4  5  6  7  8 |
---------------+-------------------------+-----
Fighting       | 4 5 6 7 |  7.0
Axes           | 4 5 6 7 10 | 10.5
Throwing       | 1 2 |  2.2
Shields        | 1 2 3 5 |  5.3
Armour         | 3 4 6 |  6.2
Dodging        | 3 |  3.4
Stealth        | 1 |  1.4

Action                   |  1- 3 |  4- 6 |  7- 9 || total
-------------------------+-------+-------+-------++-------
Melee: Hand axe          |    44 |   111 |    12 ||   167
       Headbutt          |     3 |    17 |    24 ||    44
       War axe           |       |       |   122 ||   122
Throw: Stone             |    12 |    16 |     3 ||    31
Invok: Berserk           |     1 |     2 |     4 ||     7
  Use: Scroll            |       |       |     3 ||     3
  Eat: Chunk             |       |     4 |       ||     4
       Ration            |       |     1 |     2 ||     3
Armor: Animal skin       |    13 |     3 |       ||    16
       Scale mail        |       |    53 |    18 ||    71
       Plate armour      |       |       |    43 ||    43
Dodge: Dodged            |    26 |    41 |    20 ||    87
Block: Shield            |       |    83 |    78 ||   161
       Reflection        |       |     3 |       ||     3
